 Dungeon Crawl Stone Soup version 0.30-a0-596-g0af90f9a20 (webtiles) character file.

Game seed: 303147210752731121

3887 ragingrage the Carver (level 10, 0/82 HPs)
             Began as a Gnoll Chaos Knight on Jan 6, 2023.
             Was a Plaything of Xom.
             Killed from afar by an acid dragon (24 damage)
             ... with a splash of acid
             ... on level 8 of the Dungeon.
             The game lasted 00:09:44 (8288 turns).

ragingrage the Carver (Gnoll Chaos Knight)          Turns: 8288, Time: 00:09:45

Health: 0/82       AC:  7    Str:  8    XL:     10   Next: 19%
Magic:  17/17      EV: 14    Int: 13    God:    Xom [......]
Gold:   1188       SH:  0    Dex: 16    Spells: 11/19 levels left

rFire   . . .      SeeInvis .    a - +1 dagger (venom)
rCold   . . .      Faith    .    (no shield)
rNeg    + . .      Spirit   .    e - +2 leather armour
rPois   .          Reflect  .    (helmet restricted)
rElec   .          Harm     .    x - +0 cloak
rCorr   .          Rampage  .    (no gloves)
Will    .....      Clarity  +    (no boots)
Stlth   +++                      (no amulet)
HPRegen 0.33/turn                j - ring of positive energy
MPRegen 0.15/turn                (no ring)

@: no status effects
A: fangs 1, strong nose, distributed training, horns 1, talons 1, agile 1,
clarity, dopey 1, weak 1
a: Renounce Religion


You were on level 8 of the Dungeon.
You worshipped Xom.
You were a very special plaything of Xom.
You visited 2 branches of the dungeon, and saw 9 of its levels.

You collected 1419 gold pieces.
You spent 231 gold pieces at shops.

Inventory:

Hand Weapons
 a - a +1 dagger of venom (weapon)
 b - a +4 flail of protection
 n - a +2 spear of freezing
 r - a +0 falchion of chaos
 w - a +1 trident of holy wrath
 E - a +0 shortbow
 G - a +2 hand axe of freezing
Missiles
 o - 11 boomerangs
 t - 30 poisoned darts (quivered)
Armour
 e - a +2 leather armour (worn)
 x - a +0 cloak (worn)
Magical Staves
 H - a staff of cold
Jewellery
 j - a ring of positive energy (left hand)
 J - an amulet of regeneration
Wands
 k - a wand of charming (9)
 B - a wand of quicksilver (6)
Scrolls
 d - 4 scrolls of fog
 h - a scroll of vulnerability {unknown}
 l - 2 scrolls of identify
 m - a scroll of noise {unknown}
 p - a scroll of fear
 q - 7 scrolls of teleportation
 y - a scroll of poison {unknown}
 A - 2 scrolls of amnesia {unknown}
 C - a scroll of brand weapon {unknown}
 D - a scroll of immolation {unknown}
 F - 3 scrolls of enchant armour
 I - a scroll of enchant weapon {unknown}
Potions
 f - a potion of resistance {unknown}
 g - 3 potions of ambrosia
 i - 4 potions of curing
 s - a potion of might {unknown}
 u - 4 potions of heal wounds
 v - a potion of flight {unknown}
 z - a potion of lignification {unknown}
Miscellaneous
 c - a piece from Xom's chessboard (15/15)


   Skills:
 + Level 8.5 Fighting
 + Level 5.2 Short Blades
 + Level 8.5 Long Blades
 + Level 5.2 Axes
 + Level 5.2 Maces & Flails
 + Level 5.2 Polearms
 + Level 5.2 Staves
 + Level 5.2 Ranged Weapons
 + Level 5.2 Throwing
 + Level 7.0 Armour
 + Level 5.9 Dodging
 + Level 5.2 Stealth
 + Level 5.2 Shields
 + Level 5.2 Unarmed Combat
 + Level 5.2 Spellcasting
 + Level 4.3 Conjurations
 + Level 4.3 Hexes
 + Level 4.3 Summonings
 + Level 4.3 Necromancy
 + Level 4.3 Translocations
 + Level 4.3 Transmutations
 + Level 4.3 Fire Magic
 + Level 4.3 Ice Magic
 + Level 4.3 Air Magic
 + Level 4.3 Earth Magic
 + Level 4.3 Poison Magic
 + Level 5.7 Invocations
 + Level 5.2 Evocations


You had 11 spell levels left.
You knew the following spells:

 Your Spells              Type           Power      Damage    Failure   Level
a - Frozen Ramparts       Ice            28%        1d5       13%         3
b - Ensorcelled Hibernat  Hex/Ice        28%        N/A       6%          2
c - Stone Arrow           Conj/Erth      28%        3d8       13%         3

Your spell library contained the following spells:

 Spells                   Type           Power      Damage    Failure   Level
 Freeze                   Ice            56%        1d7       4%          1
 Passwall                 Tmut/Erth      11%        N/A       6%          2
 Dazzling Flash           Conj/Hex       28%        N/A       13%         3
 Gell's Gravitas          Tloc           14%        N/A       13%         3
 Hailstorm                Conj/Ice       14%        3d5       13%         3
 Lesser Beckoning         Tloc           28%        N/A       13%         3
 Summon Guardian Golem    Hex/Summ       14%        N/A       13%         3
 Swiftness                Air            14%        N/A       13%         3
 Teleport Other           Tloc           14%        N/A       13%         3
 Leda's Liquefaction      Hex/Erth       7%         N/A       38%         4
 Orb of Destruction       Conj           7%         9d6       100%        7
 Spellforged Servitor     Conj/Summ      7%         N/A       100%        7


Dungeon Overview and Level Annotations

Branches:
Dungeon (8/15)             Temple (1/1) D:4
   Lair: D:8-11

Altars:
Ashenzari
Cheibriados
Dithmenos
Elyvilon
Fedhas
Gozag
Hepliaklqana
Kikubaaqudgha
Makhleb
Nemelex Xobeh
Okawaru
Qazlal
Ru
Sif Muna
Uskayaw
Vehumet
Wu Jian
Xom
Yredelemnul
Zin

Shops:
D:3 ?

Annotations:
D:7 1 runed translucent door, Crazy Yiuf


Innate Abilities, Weirdness & Mutations

You have very sharp teeth.
Your uncanny sense of smell can sniff out nearby items.
Your experience applies equally to all skills.
You have a pair of small horns on your head.
You have sharp toenails.
You are agile. (Dex +4, Str/Int -1)
You possess an exceptional clarity of mind.
You are dopey. (Int -2)
You are weak. (Str -2)


Message History

Your headbutt misses the sky beast.
The sky beast is heavily wounded.
The sky beast flickers out of sight!
Deactivating autopickup; reactivate with Ctrl-A.
Something hits you but does no damage.
You barely miss something. You headbutt something.
Something hits you but does no damage.
You closely miss something. Your kick misses something.
Your headbutt misses something. Something hits you but does no damage.
You closely miss something. Your headbutt misses something.
Your bite misses something. You closely miss something. You headbutt something.
Something hits you but does no damage.
You closely miss something. Your kick misses something. You bite something.
Something hits you but does no damage.
You closely miss something. Something hits you but does no damage.
You hit something.
Reactivating autopickup.
You feel a bit more experienced.
You open the door.
There is an open door here.
There is a stone staircase leading up here.
The steam dragon hisses angrily.
The steam dragon breathes steam at you. The ball of steam misses you.
You see here an amulet of regeneration.
J - an amulet of regeneration You are engulfed in a cloud of scalding steam.
The acid dragon spits acid at you. The splash of acid hits you!!
The steam dragon attacks as you move away!
The steam dragon bites you. The steam dragon claws you.
The steam dragon breathes steam at you. The ball of steam hits you!
You are engulfed in a cloud of scalding steam.
* * * LOW HITPOINT WARNING * * *
The acid dragon spits acid at you. The splash of acid hits you!!
You die...
Xom chuckles heartily!

#..#........§≈~.#..~~≈..## #
#....####....§~~~~~§§#...# ##.###
#...§≈≈≈≈≈≈#§...# #.#
##...D#.§........# ##.#
##.............#.# # ##..#
##......D###......# #
##..†####.......§.###....########
#.......'........§'............†.
##...####.......@§###....########
##..# ##....$.§## ###.## ##.#
##.....## #.# # #.# ##...## #.# #
... .##+## #.### ### .### .#
#...# #.. . .# ###.# #†#
#.###.##.### #.# #.#
#?........... #.# #.#


You could see a steam dragon (catching breath) and an acid dragon (catching
breath).

Vanquished Creatures
  A komodo dragon (D:8)
  A yak (D:7)
  A steam dragon (D:8)
  Edmund (D:6)
  2 ogres
  2 sky beasts (D:8)
  4 black bears
  2 centaurs (D:5)
  2 kobold brigands
  6 bullfrogs
  A necrophage (D:8)
  5 scorpions
  3 wights (D:7)
  4 killer bees (D:8)
  4 howler monkeys
  5 hounds
  4 jellies
  4 orc priests
  4 orc wizards
  4 gnolls (D:5)
  2 adders
  3 shadow imps
  An ufetubus (D:5)
  4 dart slugs
  19 orcs
  6 ball pythons
  2 endoplasms
  4 giant cockroaches
  3 goblins (D:1)
  A hobgoblin (D:1)
  12 kobolds
  3 quokkas
  A bat (D:2)
  2 frilled lizards (D:1)
  5 rats
128 creatures vanquished.

Vanquished Creatures (collateral kills)
  A shadow (D:5)
  An ice beast (D:6)
  A phantom (D:6)
  A necrophage (D:5)
  A hound (D:6)
  2 iguanas (D:5)
  A white imp (D:5)
  3 orcs
11 creatures vanquished.

Vanquished Creatures (others)
  An ogre (D:5)
  A bullfrog (D:8)
  An ufetubus (D:5)
  2 orcs (D:5)
  10 fungi (D:8)
  12 plants (D:8)
27 creatures vanquished.

Grand Total: 166 creatures vanquished

Notes
Turn   | Place    | Note
-------+----------+-------------------------------------------
     0 | D:1      | ragingrage the Gnoll Chaos Knight began the quest for the
                  | Orb.
     0 | D:1      | Reached XP level 1. HP: 23/23 MP: 1/1
    40 | D:1      | XOM: silly message
    42 | D:1      | XOM: silly message
    72 | D:1      | Reached XP level 2. HP: 27/29 MP: 2/2
   179 | D:1      | XOM: silly message
   652 | D:1      | XOM: divination: detect items
   812 | D:2      | XOM: divination: detect creatures
   846 | D:2      | Reached XP level 3. HP: 35/35 MP: 3/3
  1049 | D:2      | XOM: silly message
  1265 | D:2      | XOM: god gift: 1095 gold pieces
  1482 | D:2      | Reached skill level 1 in Invocations
  1487 | D:2      | Learned a level 3 spell: Frozen Ramparts
  1507 | D:3      | Found Plog's Magic Scroll Emporium.
  1527 | D:3      | Bought a scroll of fear for 44 gold pieces
  1527 | D:3      | Bought 3 scrolls of teleportation for 99 gold pieces
  1527 | D:3      | Bought a scroll of fog for 44 gold pieces
  1660 | D:3      | Bought a scroll of identify for 22 gold pieces
  1660 | D:3      | Bought a scroll of identify for 22 gold pieces
  1663 | D:3      | XOM: 1-stop teleportation journey
  1666 | D:3      | XOM: blink monster(s)
  1677 | D:3      | Reached skill level 1 in Short Blades
  1677 | D:3      | Reached skill level 1 in Axes
  1677 | D:3      | Reached skill level 1 in Maces & Flails
  1677 | D:3      | Reached skill level 1 in Polearms
  1677 | D:3      | Reached skill level 1 in Staves
  1677 | D:3      | Reached skill level 1 in Ranged Weapons
  1677 | D:3      | Reached skill level 1 in Throwing
  1677 | D:3      | Reached skill level 1 in Stealth
  1677 | D:3      | Reached skill level 1 in Shields
  1677 | D:3      | Reached skill level 1 in Unarmed Combat
  1677 | D:3      | Reached skill level 1 in Spellcasting
  1677 | D:3      | Reached skill level 1 in Evocations
  1820 | D:3      | Found a broken altar of Ashenzari.
  2023 | D:3      | You fall into a shaft and drop 3 floors!
  2073 | D:6      | Noticed a bullfrog
  2089 | D:6      | Killed a bullfrog
  2090 | D:6      | Reached skill level 1 in Conjurations
  2090 | D:6      | Reached skill level 1 in Hexes
  2090 | D:6      | Reached skill level 1 in Summonings
  2090 | D:6      | Reached skill level 1 in Necromancy
  2090 | D:6      | Reached skill level 1 in Translocations
  2090 | D:6      | Reached skill level 1 in Transmutations
  2090 | D:6      | Reached skill level 1 in Fire Magic
  2090 | D:6      | Reached skill level 1 in Ice Magic
  2090 | D:6      | Reached skill level 1 in Air Magic
  2090 | D:6      | Reached skill level 1 in Earth Magic
  2090 | D:6      | Reached skill level 1 in Poison Magic
  2090 | D:6      | Reached XP level 4. HP: 36/41 MP: 4/6
  2090 | D:6      | Reached XP level 5. HP: 41/47 MP: 4/7
  2146 | D:6      | XOM: summons friendly iron imp
  2182 | D:5      | Entered Level 5 of the Dungeon
  2182 | D:5      | XOM: 1-stop teleportation journey
  2183 | D:5      | Noticed a centaur
  2201 | D:5      | Killed a centaur
  2202 | D:5      | Reached XP level 6. HP: 26/53 MP: 8/8
  2203 | D:5      | Reached skill level 5 in Armour
  2330 | D:5      | Noticed a black bear
  2339 | D:5      | Killed a black bear
  2550 | D:5      | XOM: 10-stop teleportation journey
  2561 | D:5      | Reached XP level 7. HP: 30/60 MP: 10/10
  2759 | D:5      | Noticed a shadow
  2761 | D:5      | Found a shimmering altar of Xom.
  2770 | D:5      | XOM: cast spell 'Call Canine Familiar'
  2781 | D:5      | XOM: destruction
  2782 | D:5      | Killed a shadow
  2851 | D:5      | Reached XP level 8. HP: 44/67 MP: 10/12
  3050 | D:5      | XOM: cleaving
  3057 | D:5      | XOM: enchant monster (good)
  3108 | D:5      | XOM: noise
  3132 | D:5      | XOM: noise
  3378 | D:5      | XOM: enchant monster (bad)
  3421 | D:5      | XOM: smoke on damage
  3497 | D:5      | XOM is BORED!
  3497 | D:5      | XOM: noise
  3859 | D:5      | XOM: divination: detect creatures
  3883 | D:5      | Learned a level 2 spell: Ensorcelled Hibernation
  3887 | D:4      | Found a staircase to the Ecumenical Temple.
  3900 | Temple   | Entered the Ecumenical Temple
  4063 | D:4      | XOM: 3-stop teleportation journey
  4189 | D:4      | XOM: summons 8 friendly demons
  4507 | D:4      | XOM: silly message
  4534 | D:4      | XOM: stat loss: -1 Int (13/14)
  4552 | D:5      | XOM: stat loss: -1 Int (12/14)
  4712 | D:5      | XOM: give mutation
  4712 | D:5      | Gained mutation: You are weak. (Str -2) [Xom's mischief]
  4777 | D:6      | XOM: destruction
  4784 | D:6      | XOM: noise
  4786 | D:6      | XOM: cast spell 'Summon Horrible Things'
  4827 | D:6      | XOM: summons friendly crimson imp
  4964 | D:6      | XOM: give mutations
  4964 | D:6      | Gained mutation: You possess an exceptional clarity of
                  | mind. [Xom's grace]
  4964 | D:6      | Gained mutation: You have sharp toenails. [Xom's grace]
  4964 | D:6      | Gained mutation: You are agile. (Dex +4, Str/Int -1) [Xom's
                  | grace]
  4992 | D:6      | Noticed Edmund
  5059 | D:6      | XOM: summons 8 friendly demons
  5073 | D:6      | Reached XP level 9. HP: 71/73 MP: 14/14
  5272 | D:6      | Got the Handbook of the Hexing Anticline
  5325 | D:6      | Learned a level 3 spell: Stone Arrow
  5565 | D:6      | Killed Edmund
  5783 | D:7      | Reached skill level 5 in Dodging
  5935 | D:7      | XOM: give mutation
  5935 | D:7      | Gained mutation: You are frail. (-10% HP) [Xom's mischief]
  6307 | D:7      | XOM: give mutation
  6307 | D:7      | Lost mutation: You are frail. (-10% HP) [Xom's mischief]
  6422 | D:7      | Reached skill level 5 in Invocations
  6730 | D:7      | Found a runed translucent door.
  6731 | D:7      | Noticed Crazy Yiuf
  6735 | D:7      | XOM is BORED!
  6735 | D:7      | XOM: stat loss: -1 Int (14/15)
  6764 | D:8      | Noticed a komodo dragon
  7096 | D:8      | Identified the +1 leather armour of Otecsa {+Blink}
  7118 | D:8      | Found a white marble altar of Elyvilon.
  7120 | D:8      | Found an opulent altar of Gozag.
  7120 | D:8      | Found a blossoming altar of Fedhas.
  7147 | D:8      | XOM: 6-stop teleportation journey
  7213 | D:8      | XOM: give mutation
  7213 | D:8      | Gained mutation: You have a pair of small horns on your
                  | head. [Xom's mischief]
  7220 | D:8      | XOM: cleaving
  7235 | D:8      | XOM: cast spell 'Metabolic Englaciation'
  7239 | D:8      | XOM: enchant monster (bad)
  7257 | D:8      | XOM: 8-stop teleportation journey
  7479 | D:8      | XOM: 1-stop teleportation journey
  7560 | D:8      | XOM: summons 2 friendly demons
  7575 | D:8      | XOM: 5-stop teleportation journey
  7675 | D:8      | Reached skill level 5 in Short Blades
  7675 | D:8      | Reached skill level 5 in Axes
  7675 | D:8      | Reached skill level 5 in Maces & Flails
  7675 | D:8      | Reached skill level 5 in Polearms
  7675 | D:8      | Reached skill level 5 in Staves
  7675 | D:8      | Reached skill level 5 in Ranged Weapons
  7675 | D:8      | Reached skill level 5 in Throwing
  7675 | D:8      | Reached skill level 5 in Stealth
  7675 | D:8      | Reached skill level 5 in Shields
  7675 | D:8      | Reached skill level 5 in Unarmed Combat
  7675 | D:8      | Reached skill level 5 in Spellcasting
  7675 | D:8      | Reached skill level 5 in Evocations
  7678 | D:8      | Reached XP level 10. HP: 65/81 MP: 17/17
  7764 | D:8      | XOM: enchant monster (good)
  7765 | D:8      | XOM: divination: magic mapping
  7766 | D:8      | XOM: summons 5 friendly demons
  7779 | D:8      | XOM: summons friendly white imp
  7792 | D:8      | XOM: summons friendly crimson imp
  7793 | D:8      | XOM: chaos cloud
  8075 | D:8      | XOM: give mutation
  8075 | D:8      | Gained mutation: You are dopey. (Int -2) [Xom's mischief]
  8288 | D:8      | Killed from afar by an acid dragon

Illustrated notes

Levels and vault maps discovered:
D:1:      psy_arrival_dodecagon, layout_loops_ring, minivault_27
D:2:      layout_basic, minmay_cupped
D:3:      minmay_octagon_keep, layout_rooms, nicolae_ashenzari_panopticon,
          serial_shops, shop
D:4:      layout_loops_cross, minmay_temple_entry_arrows, minmay_misc_feat_doors
D:5:      layout_cave_pods, xom_confusion_cloud
D:6:      layout_basic, uniq_edmund
D:7:      layout_loops_ring, uniq_crazy_yiuf_cottage
D:8:      layout_loops_corners, gammafunk_temple_overflow_forgotten,
          grunt_lair_entry_orc_guard_hut, hangedman_misty_isle
Temple:   hellmonk_temple_of_storms

Skill      XL: |  1  2  3  4  5  6  7  8  9 10 |
---------------+-------------------------------+-----
Invocations    | 1 2 3 4 5 |  5.7
Short Blades   | 1 2 3 5 |  5.2
Axes           | 1 2 3 5 |  5.2
Maces & Flails | 1 2 3 5 |  5.2
Polearms       | 1 2 3 5 |  5.2
Staves         | 1 2 3 5 |  5.2
Ranged Weapons | 1 2 3 5 |  5.2
Throwing       | 1 2 3 5 |  5.2
Stealth        | 1 2 3 5 |  5.2
Shields        | 1 2 3 5 |  5.2
Unarmed Combat | 1 2 3 5 |  5.2
Spellcasting   | 1 2 3 5 |  5.2
Evocations     | 1 2 3 5 |  5.2
Conjurations   | 1 2 3 4 |  4.3
Hexes          | 1 2 3 4 |  4.3
Summonings     | 1 2 3 4 |  4.3
Necromancy     | 1 2 3 4 |  4.3
Translocations | 1 2 3 4 |  4.3
Transmutations | 1 2 3 4 |  4.3
Fire Magic     | 1 2 3 4 |  4.3
Ice Magic      | 1 2 3 4 |  4.3
Air Magic      | 1 2 3 4 |  4.3
Earth Magic    | 1 2 3 4 |  4.3
Poison Magic   | 1 2 3 4 |  4.3
Dodging        | 3 4 5 |  5.9
Armour         | 5 6 7 |  7.0
Fighting       | 7 8 |  8.5
Long Blades    | 7 8 |  8.5

Action                   |  1- 3 |  4- 6 |  7- 9 | 10-12 || total
-------------------------+-------+-------+-------+-------++-------
Melee: Falchion          |    65 |       |       |       ||    65
       Bite              |    11 |     5 |    52 |     8 ||    76
       Punch             |     1 |       |    13 |       ||    14
       Dagger            |    21 |    29 |   310 |    39 ||   399
       War axe           |    12 |       |       |       ||    12
       Kick              |       |       |    70 |    11 ||    81
       Flail             |       |       |    47 |       ||    47
       Headbutt          |       |       |     8 |    10 ||    18
 Fire: Shortbow          |       |     3 |       |       ||     3
Throw: Dart              |       |       |     2 |     4 ||     6
 Cast: Frozen Ramparts   |       |       |     1 |       ||     1
Evoke: Wand              |       |       |     4 |       ||     4
  Use: Scroll            |     1 |       |     4 |       ||     5
       Potion            |       |     1 |     1 |       ||     2
 Stab: Sleeping          |     2 |       |     5 |       ||     7
       Paralysed         |     1 |       |       |     1 ||     2
Armor: Leather armour    |    29 |    19 |   117 |    23 ||   188
Dodge: Dodged            |    54 |    37 |   266 |    23 ||   380

Table legend: (Time is in decaauts)
 A = Elapsed time spent in this place.
 B = Non-inter-level travel time spent in this place.
 C = Inter-level travel time spent in this place.
 D = Time resting spent in this place.
 E = Time spent auto-exploring this place.
 F = Levels seen in this place.
 G = Mean time per level.
                   A        B        C        D        E       F      G
               +--------+--------+--------+--------+--------+-----+--------+
         Total |   8212 |   7962 |    250 |   2211 |   4164 |   9 |  912.4 |
       Dungeon |   8171 |   7927 |    244 |   2211 |   4142 |   8 | 1021.4 |
        Temple |     40 |     34 |      6 |      0 |     22 |   1 |   40.0 |
               +--------+--------+--------+--------+--------+-----+--------+

Top non-repeatable levels by time:
     D:5: 1902 daAuts
     D:7: 1297 daAuts
     D:8: 1202 daAuts
     D:6: 1124 daAuts
     D:1: 795 daAuts
     D:2: 709 daAuts
     D:4: 621 daAuts
     D:3: 518 daAuts
  Temple: 40 daAuts
